 Dungeon Crawl Stone Soup version 0.18.1-48-g4cf74bf (webtiles) character file.

172 Inkary the Shield-Bearer (level 5, 0/47 HPs)
             Began as a Minotaur Fighter on Aug 30, 2016.
             Succumbed to an adder's poison
             ... on level 3 of the Dungeon.
             The game lasted 00:02:16 (1844 turns).

Inkary the Shield-Bearer (Minotaur Fighter)         Turns: 1844, Time: 00:02:17

Health: 0/47       AC:  4    Str: 20    XL:     5   Next: 27%
Magic:  4/4        EV:  9    Int:  5    God:
Gold:   180        SH: 10    Dex: 11    Spells: 0 memorised, 4 levels left

rFire  . . .     SeeInvis .     a - +0 flail
rCold  . . .     Gourm    .     s - +0 leather armour (curse)
rNeg   . . .     Faith    .     c - +0 shield
rPois  .         Spirit   .     (helmet restricted)
rElec  .         Dismiss  .     (no cloak)
rCorr  .         Reflect  .     (no gloves)
SustAt .         Harm     .     p - +0 pair of boots (curse)
MR     .....                    (no amulet)
Stlth  +.........               (no ring)
                                (no ring)

@: lethally poisoned (0 -> -1), not resistant to hostile enchantments, very
unstealthy
A: retaliatory headbutt, horns 2
a: no special abilities


You were on level 3 of the Dungeon.
You were not hungry.

You visited 1 branch of the dungeon, and saw 3 of its levels.

You collected 180 gold pieces.

Inventory:

Hand Weapons
 a - a +0 flail (weapon)
Armour
 b - a +0 scale mail
 c - a +0 shield (worn)
 p - a cursed +0 pair of boots (worn)
 s - a cursed +0 leather armour (worn)
Jewellery
 m - an uncursed ring of wizardry {unknown}
 n - an uncursed ring of fire {unknown}
Scrolls
 e - 3 scrolls of enchant armour {unknown}
 g - 2 scrolls of enchant weapon {unknown}
 h - a scroll of random uselessness {unknown}
 j - a scroll of teleportation {unknown}
 l - a scroll of fog {unknown}
 o - 2 scrolls of identify {unknown}
 q - a scroll of amnesia {unknown}
 r - a scroll of recharging {unknown}
Potions
 d - 4 potions of might
 i - a potion of berserk rage {unknown}
 k - a potion of degeneration {unknown}
 t - a potion of ambrosia {unknown}
Comestibles
 f - 2 bread rations
 u - 2 chunks of flesh


   Skills:
 + Level 4.8 Fighting
 + Level 3.7 Maces & Flails
 + Level 4.6 Armour
 + Level 5.0 Shields


You had 4 spell levels left.
You didn't know any spells.

Dungeon Overview and Level Annotations

Branches:
Dungeon (3/15)

Altars:
Sif Muna


Innate Abilities, Weirdness & Mutations

You reflexively headbutt those who attack you in melee.
You have a pair of horns on your head.


Message History

You hit the orc.
You kill the orc!
You sock the orc priest!
The orc priest is severely wounded.
You feel sick.
The orc priest hits you but does no damage.
You block the orc priest's attack.
You barely miss the orc priest.
You headbutt the orc priest, but do no damage.
The orc priest is severely wounded.
The orc priest hits you but does no damage.
You hit the orc priest. Your headbutt misses the orc priest.
The orc priest is severely wounded.
The orc priest mumbles some strange prayers to Beogh against you.
Beogh smites you!
* * * LOW HITPOINT WARNING * * *
You sock the orc priest!
You kill the orc priest!
Your Shields skill increases to level 5!
You die...

#.........#
##.......##
##...>.## ##...## #
##.## ##. ######.#
#... #......#
.##...######.######
.....ooo)@...#
##############


You could see 3 orcs.

Vanquished Creatures
  A giant frog zombie (D:2)
  An orc priest (D:3)
  Ijyb (D:2)
  3 adders
  An ooze (D:3)
  3 worms
  3 dart slugs
  2 giant geckos
  2 orcs (D:3)
  2 ball pythons
  2 giant cockroaches
  5 goblins
  5 hobgoblins
  A quokka (D:2)
  4 bats
  4 giant newts
  4 rats
44 creatures vanquished.

Notes
Turn   | Place    | Note
--------------------------------------------------------------
     0 | D:1      | Inkary the Minotaur Fighter began the quest for the Orb.
     0 | D:1      | Reached XP level 1. HP: 19/19 MP: 0/0
   208 | D:1      | Reached XP level 2. HP: 27/27 MP: 1/1
   311 | D:1      | Reached skill level 4 in Shields
   623 | D:2      | Noticed Ijyb
   661 | D:2      | Killed Ijyb
   661 | D:2      | Reached XP level 3. HP: 16/33 MP: 2/2
   931 | D:2      | Reached XP level 4. HP: 38/40 MP: 3/3
  1624 | D:3      | Found a deep blue altar of Sif Muna.
  1738 | D:3      | Found a faded altar to an unknown god.
  1832 | D:3      | Reached XP level 5. HP: 31/47 MP: 4/4
  1843 | D:3      | HP: 1/47 [orc priest/divine providence (15)]
  1844 | D:3      | Reached skill level 5 in Shields
  1844 | D:3      | Succumbed to an adder's poison

Skill      XL: |  1  2  3  4  5 |
---------------+----------------+-----
Shields        | 4 5 |  5.0
Fighting       | 4 |  4.8
Maces & Flails | 3 |  3.7
Armour         | 4 |  4.6

Action                   |  1- 3 |  4- 6 || total
-------------------------+-------+-------++-------
Melee: Flail             |    98 |    51 ||   149
       Headbutt          |    10 |    13 ||    23
  Eat: Chunk             |       |     3 ||     3
Armor: Scale mail        |    37 |     4 ||    41
       Leather armour    |       |     6 ||     6
Dodge: Dodged            |    27 |    10 ||    37
Block: Shield            |    45 |    24 ||    69
